 Dungeon Crawl Stone Soup version 0.31.0-32-g396128a36d (webtiles) character file.

Game seed: 16473157177496972737

1033 PaiMei the Gusty (level 8, -1/48 HPs)
             Began as a Tengu Air Elementalist on Mar 20, 2024.
             Was a Follower of Vehumet.
             Succumbed to a killer bee's poison
             ... on level 8 of the Dungeon.
             The game lasted 00:09:30 (6026 turns).

PaiMei the Gusty (Tengu Air Elementalist)           Turns: 6026, Time: 00:09:31

Health: -1/48      AC:  3    Str:  8    XL:     8   Next: 24%
Magic:  9/15       EV: 18    Int: 19    God:    Vehumet [*.....]
Gold:   196        SH:  0    Dex: 14    Spells: 12/15 levels left

rFire   . . .        E - +4 hand axe (elec)
rCold   . . .        (no shield)
rNeg    + . .        a - +0 robe
rPois   .            (helmet restricted)
rElec   .            (no cloak)
rCorr   .            s - +0 pair of gloves
SInv    .            (boots unavailable)
Will    +....        l - amulet of regeneration
Stlth   ++           q - ring of willpower
HPRegen 1.08/turn    F - ring of positive energy
MPRegen 0.14/turn

%: acrobat
@: lethally poisoned (-1 -> -15), flying
A: beak, talons 3, evasive flight, acrobatic
a: Renounce Religion


You were on level 8 of the Dungeon.
You worshipped Vehumet.
Vehumet was aware of your devotion.
You visited 1 branch of the dungeon, and saw 8 of its levels.

You collected 196 gold pieces.

Inventory:

Hand Weapons
 r - a +0 trident
 z - a +1 heavy flail
 E - a +4 hand axe of electrocution (weapon)
Missiles
 n - 2 poisoned darts
 x - 6 curare-tipped darts (quivered)
Armour
 a - a +0 robe (worn)
 s - a +0 pair of gloves (worn)
 y - a +0 buckler
Jewellery
 l - an amulet of regeneration (around neck)
 q - a ring of willpower (left hand)
 F - a ring of positive energy (right hand)
Wands
 w - a wand of digging (12)
 C - a wand of flame (19)
Scrolls
 d - 2 scrolls of teleportation {unknown}
 e - a scroll of butterflies {unknown}
 f - a scroll of vulnerability {unknown}
 h - 3 scrolls of identify {unknown}
 i - a scroll of noise {unknown}
 k - 2 scrolls of immolation {unknown}
 A - a scroll of torment {unknown}
 D - a scroll of brand weapon {unknown}
Potions
 b - 3 potions of magic
 c - a potion of invisibility {unknown}
 g - a potion of attraction {unknown}
 j - 2 potions of mutation {unknown}
 m - 3 potions of curing {unknown}
 o - a potion of berserk rage {unknown}
 p - a potion of brilliance {unknown}
 t - 3 potions of heal wounds {unknown}
 u - 3 potions of lignification {unknown}
 v - a potion of cancellation {unknown}
 B - a potion of enlightenment {unknown}


   Skills:
 + Level 3.8 Fighting
 + Level 4.9 Dodging
 - Level 2.1 Stealth
 + Level 4.1 Spellcasting
 + Level 5.5 Conjurations
 + Level 6.7 Air Magic


You had 12 spell levels left.
You knew the following spells:

 Your Spells              Type           Power      Damage    Failure   Level
a - Shock                 Conj/Air       100%       1d9       1%          1
b - Static Discharge      Conj/Air       54%        3-6/arc   1%          2

Your spell library contained the following spells:

 Spells                   Type           Power      Damage    Failure   Level
 Foxfire                  Conj/Fire      56%        2x1d6     4%          1
 Swiftness                Air            29%        N/A       2%          3
 Mephitic Cloud           Conj/Alch/Air  19%        N/A       8%          3
 Airstrike                Air            14%        2d(3-19)  9%          4
 Dazzling Flash           Conj/Hex       28%        N/A       13%         3
 Ensorcelled Hibernation  Hex/Ice        6%         N/A       21%         2
 Fugue of the Fallen      Necr           3%         N/A       38%         3
 Inner Flame              Hex/Fire       3%         N/A       38%         3
 Flame Wave               Conj/Fire      14%        2d6       38%         4
 Silence                  Hex/Air        8%         N/A       67%         5
 Anguish                  Hex/Necr       1%         N/A       80%         4
 Sticky Flame             Fire/Alch      3%         2d4       80%         4
 Conjure Ball Lightning   Conj/Air       13%        3x3d6     86%         6
 Curse of Agony           Necr           3%         N/A       98%         5
 Discord                  Hex            1%         N/A       100%        8
 Disjunction              Tloc           1%         N/A       100%        8


Dungeon Overview and Level Annotations

Branches:
Dungeon (9/15)
 Temple: D:4-7         Lair: D:8-11         Orc: D:9-12

Altars:
Qazlal
Sif Muna
Trog
Vehumet


Innate Abilities, Weirdness & Mutations

You have a beak for a mouth.
You have claws for feet.
Your magical flight helps you evade attacks. (EV +4)
You can magically evade attacks while moving or waiting.


Message History

The killer bee poisons you! The killer bee stings you.
You are more poisoned.
The killer bee poisons you! The killer bee misses you.
You fly upwards.
You feel very sick.
Found 34 gold pieces.
There is a stone staircase leading down here.
Casting: Shock (safe; 1% risk of failure)
Confirm with . or Enter, or press ? or * to list all spells.
Aiming: Shock (safe; 1% risk of failure)
Press: ? - help, Shift-Dir - straight line, f - killer bee
Aim: a killer bee (48% to hit)
The zap hits the killer bee.
The killer bee is moderately wounded.
You feel very sick. The killer bee completely misses you.
The killer bee stings you.
You are more poisoned.
The killer bee poisons you! The killer bee completely misses you.
The killer bee stings you.
You feel very sick. The killer bee completely misses you.
The killer bee stings you.
* * * LOW HITPOINT WARNING * * *
You are lethally poisoned!
The killer bee poisons you!
Casting: Shock (safe; 1% risk of failure)
Confirm with . or Enter, or press ? or * to list all spells.
The killer bee is struck by an arc of lightning.
The killer bee is moderately wounded.
The killer bee is struck by an arc of lightning!
The killer bee is almost dead.
You are struck by an arc of lightning.
* * * LOW HITPOINT WARNING * * *
The lightning grounds out.
The killer bee is struck by an arc of lightning.
You kill the killer bee!
Vehumet accepts your kill.
You are struck by an arc of lightning.
* * * LOW HITPOINT WARNING * * *
The lightning grounds out.
You die...

## #..
########.
#$..
#........
##....#@#
......y>#
##......#
####...#
#§§.#
#.§§#
#.§.#
#...#
.$$..


You could see a killer bee.

Vanquished Creatures
  2 black bears (D:5)
  2 phantoms (D:5)
  A bullfrog (D:6)
  2 scorpions
  2 killer bees
  3 bombardier beetles
  A hound (D:4)
  An orc priest (D:3)
  A gnoll bouda (D:5)
  A sleepcap (D:5)
  Natasha (thrice) (D:4)
  An orc wizard (D:5)
  Robin (D:4)
  3 adders
  3 gnolls (D:5)
  2 white imps
  2 ribbon worms
  4 dart slugs
  9 orcs
  3 ball pythons
  2 endoplasms
  2 giant cockroaches
  18 goblins
  12 hobgoblins
  4 jackals (D:4)
  4 quokkas
  2 bats (D:1)
  A frilled lizard (D:1)
  5 kobolds
  6 rats
103 creatures vanquished.

Notes
Turn   | Place    | Note
-------+----------+-------------------------------------------
     0 | D:1      | PaiMei the Tengu Air Elementalist began the quest for the
                  | Orb.
     0 | D:1      | Reached XP level 1. HP: 10/10 MP: 4/4
   349 | D:1      | Reached XP level 2. HP: 15/15 MP: 3/6
  1245 | D:2      | Reached XP level 3. HP: 19/20 MP: 1/7
  1248 | D:2      | Learned a level 2 spell: Static Discharge
  2163 | D:2      | Reached skill level 1 in Fighting
  2316 | D:3      | Found a shimmering blue altar of Sif Muna.
  2410 | D:3      | Found a bloodstained altar of Trog.
  2413 | D:3      | Found a radiant altar of Vehumet.
  2482 | D:3      | Became a worshipper of Vehumet
  2544 | D:3      | Reached XP level 4. HP: 23/25 MP: 6/8
  3582 | D:4      | Noticed Natasha
  3586 | D:4      | Reached XP level 5. HP: 29/29 MP: 7/10
  3620 | D:4      | Killed Natasha
  3628 | D:4      | Reached skill level 5 in Air Magic
  3732 | D:4      | Noticed Natasha
  3733 | D:4      | Reached XP level 6. HP: 35/35 MP: 3/11
  3748 | D:4      | Killed Natasha
  3963 | D:4      | Noticed Natasha
  3967 | D:4      | Killed Natasha
  4038 | D:4      | Noticed Robin
  4067 | D:4      | Reached * piety under Vehumet
  4067 | D:4      | Offered knowledge of Foxfire by Vehumet.
  4182 | D:4      | Killed Robin
  4470 | D:5      | Entered Level 5 of the Dungeon
  4470 | D:5      | Noticed a black bear
  4677 | D:5      | Killed a black bear
  4678 | D:5      | Gained mutation: Your magical flight helps you evade
                  | attacks. (EV +4) [Tengu growth]
  4678 | D:5      | Reached XP level 7. HP: 37/40 MP: 3/13
  4918 | D:5      | Reached skill level 6 in Air Magic
  4989 | D:5      | Found a stormy altar of Qazlal.
  5269 | D:5      | Reached skill level 5 in Conjurations
  5786 | D:6      | Reached XP level 8. HP: 36/47 MP: 1/15
  5973 | D:6      | You are sucked into a shaft and drop 3 floors!
  6026 | D:8      | Succumbed to a killer bee's poison

Illustrated notes

Levels and vault maps discovered:
D:1:      minmay_arrival_checkered_box, layout_loops_corners,
          minmay_tetromino_t2
D:2:      kennysheep_six_static_rooms, layout_basic, serial_bayou_lake_a
D:3:      layout_loops_ring, mainiacjoe_overflow_tiny_flanked,
          nicolae_overflow_hidden_temple, mainiacjoe_overflow_catwalk_spiral,
          uniq_grinder
D:4:      layout_cave_pools, palyth_stone_intersect,
          hangedman_abyss_or_decor_lesser_grid, minmay_statues_item,
          chequers_serial_rivers_large_b, uniq_natasha, uniq_robin
D:5:      layout_loops_ring, mainiacjoe_overflow_catwalk
D:6:      corexii_shantytown, layout_basic, mainiacjoe_overflow_paths,
          serial_bayou_ford_a
D:8:      layout_basic, demons_altar, erik_lair_orcish_takeover,
          biasface_ghost_orc_armoury, lemuel_flame_loot_1
D:9:      layout_cave_pods, grunt_dithmenos_shadows, serial_glass,
          glass_columns_a, glass_columns_c, grunt_decor_clamped

Skill      XL: |  1  2  3  4  5  6  7 |
---------------+----------------------+-----
Conjurations   | 2 3 4 5 |  5.5
Fighting       | 1 2 3 |  3.8
Dodging        | 3 4 |  4.9
Air Magic      | 5 6 |  6.7
Spellcasting   | 3 4 |  4.1
Stealth        | |  2.1

Action                     |  1- 3 |  4- 6 |  7- 9 || total
---------------------------+-------+-------+-------++-------
  Melee: Unarmed           |     7 |       |       ||     7
         Kick              |     2 |     2 |     1 ||     5
         Peck              |     1 |     1 |       ||     2
         Trident           |       |    14 |       ||    14
         Hand axe          |       |       |     1 ||     1
   Cast: Shock             |    80 |   108 |    87 ||   275
         Static Discharge  |       |       |     1 ||     1
   Stab: Sleeping          |     1 |       |       ||     1
 Armour: Robe              |     8 |    25 |    27 ||    60
  Dodge: Dodged            |     9 |    28 |    37 ||    74
